Map: Oxide LE

Players

Serral - Winner!

  • Race: Zerg Zerg

PartinG

  • Race: Protoss Protoss
  • League: Master

Event: ASUS ROG Fall 2021

VOD

Have the link to the VOD?

Description

Time

  • Played on: Sept. 18, 2021, 12:07 p.m.
  • Length: 23:14

All games in this series

Show
View Real Time Build Order
Export as new Build Order

Serral Zerg - Winner!

Build Orders: Hatch First, Brood Lord Corruptor 

Get SALT Encoding   

  12  0:00  Drone  
  13  0:11  Overlord  
  13  0:17  Drone  
  14  0:30  Drone x2  
  16  0:42  Drone  
  17  0:51  Hatchery  
  17  0:54  Drone  
  17  0:58  Drone  
  18  1:08  Extractor  
  17  1:12  Spawning Pool  
  17  1:15  Drone  
  17  1:20  Drone  
  18  1:27  Drone  
  19  1:38  Drone  
  20  1:48  Overlord  
  20  1:59  Queen  
  22  2:03  Queen  
  22  2:04  Zergling x4  
  26  2:11  Drone  
  26  2:12  Metabolic Boost  
  26  2:14  Drone  
  28  2:20  Drone  
  29  2:24  Drone  
  30  2:34  Queen  
  32  2:43  Hatchery  
  31  2:47  Drone  
  31  2:48  Drone  
  33  2:53  Overlord  
  33  2:55  Drone  
  33  2:57  Drone  
  35  3:01  Drone  
  35  3:03  Overlord  
  36  3:13  Drone x4  
  40  3:21  Drone x2  
  40  3:22  Queen  
  40  3:25  Drone  
  44  3:29  Overlord  
  44  3:33  Queen  
  46  3:36  Drone  
  46  3:37  Drone  
  48  3:42  Zergling x2  
  48  3:45  Zergling x2  
  48  3:46  Zergling x2  
  51  3:48  Overlord  
  51  3:54  Drone x4  
  55  4:00  Spore Crawler  
  55  4:01  Spore Crawler, Drone x2  
  55  4:02  Drone  
  56  4:07  Zergling x2  
  56  4:08  Drone x2  
  59  4:15  Overlord  
  59  4:17  Drone x2  
  59  4:19  Queen  
  59  4:21  Drone x2  
  65  4:24  Zergling x2  
  65  4:29  Drone  
  65  4:30  Roach Warren  
  66  4:32  Overlord  
  66  4:35  Drone x2  
  66  4:37  Spore Crawler  
  67  4:39  Overlord  
  67  4:41  Drone  
  67  4:45  Lair  
  67  4:46  Zergling x2  
  67  4:47  Drone  
  67  4:49  Drone x2  
  67  4:51  Drone  
  72  4:53  Drone  
  72  4:54  Extractor, Drone  
  72  4:57  Extractor  
  72  4:58  Extractor  
  72  4:59  Drone x2  
  73  5:02  Evolution Chamber  
  73  5:04  Zergling x2  
  73  5:06  Overlord  
  73  5:07  Drone x3  
  73  5:13  Overlord  
  76  5:15  Zergling x2  
  76  5:16  Zergling x2  
  76  5:18  Drone x2  
  76  5:19  Drone  
  80  5:23  Overlord  
  80  5:25  Extractor  
  79  5:29  Roach  
  79  5:30  Roach x4  
  79  5:33  Zerg Missile Weapons Level 1  
  79  5:35  Drone x2  
  91  5:38  Extractor  
  91  5:39  Queen  
  91  5:40  Queen  
  93  5:45  Drone x4  
  93  5:46  Glial Reconstitution  
  97  5:55  Drone x4  
  100  5:58  Overlord  
  100  6:00  Spire  
  100  6:03  Drone  
  100  6:05  Overlord  
  100  6:07  Drone x3  
  100  6:09  Overseer  
  100  6:10  Overlord  
  103  6:12  Overlord  
  103  6:13  Overseer  
  106  6:19  Overlord  
  106  6:27  Queen  
  106  6:28  Queen  
  106  6:32  Queen  
  106  6:39  Hatchery, Drone x3  
  102  6:41  Drone  
  102  6:43  Drone  
  102  6:45  Drone x2  
  100  6:47  Drone  
  100  6:51  Drone x3  
  103  6:56  Drone  
  103  6:57  Drone  
  103  6:59  Drone x2, Infestation Pit  
  106  7:04  Drone x4  
  106  7:07  Drone x2  
  114  7:12  Queen  
  116  7:16  Queen  
  116  7:19  Overseer  
  118  7:24  Drone x2  
  118  7:28  Drone  
  119  7:31  Drone, Overlord x2  
  119  7:34  Zerg Ground Armor Level 1  
  119  7:36  Drone x2  
  122  7:37  Baneling Nest, Evolution Chamber, Hive  
  122  7:39  Drone x3  
  123  7:45  Drone x3  
  123  7:46  Extractor  
  123  7:47  Extractor  
  123  7:48  Roach x2  
  128  7:52  Zergling x8  
  132  7:58  Drone  
  132  7:59  Zergling x4  
  132  8:03  Roach  
  137  8:06  Roach  
  137  8:07  Zerg Melee Weapons Level 1  
  137  8:09  Roach x3  
  137  8:10  Roach  
  137  8:12  Spore Crawler  
  146  8:14  Hatchery  
  146  8:16  Drone x3  
  148  8:20  Centrifical Hooks  
  148  8:22  Overlord x2  
  148  8:26  Pneumatized Carapace  
  148  8:32  Zergling x2  
  148  8:33  Zergling x12  
  155  8:35  Infestor x2  
  159  8:44  Drone x3  
  159  8:45  Drone x3  
  159  8:48  Zergling x14  
  172  8:51  Baneling x2  
  172  8:52  Viper, Baneling x2  
  172  8:53  Viper  
  172  8:54  Viper  
  181  8:58  Greater Spire  
  181  9:02  Spire  
  180  9:03  Extractor  
  180  9:07  Extractor  
  178  9:11  Drone x3  
  178  9:14  Overlord x2  
  181  9:19  Corruptor  
  181  9:20  Spore Crawler x2  
  181  9:21  Spore Crawler  
  179  9:24  Overseer  
  179  9:25  Overlord  
  179  9:29  Corruptor x3  
  179  9:31  Spine Crawler  
  184  9:34  Corruptor x2  
  184  9:35  Corruptor  
  190  9:39  Zerg Ground Armor Level 2  
  183  10:02  Adrenal Glands  
  183  10:04  Spore Crawler x2  
  183  10:05  Spore Crawler  
  178  10:10  Brood Lord x7  
  178  10:12  Zerg Flyer Armor Level 1  
  192  10:16  Zerg Flyer Weapons Level 1  
  192  10:19  Overlord  
  192  10:21  Spine Crawler x2  
  191  10:22  Drone x2  
  191  10:23  Spine Crawler  
  191  10:27  Overseer  
  191  10:29  Corruptor  
  191  10:35  Spore Crawler, Corruptor x2  
  191  10:36  Spore Crawler  
  191  10:48  Drone x3  
  193  10:52  Spine Crawler  
  193  10:53  Corruptor x4, Spine Crawler x2  
  191  10:59  Zerg Melee Weapons Level 2  
  191  11:00  Overlord  
  191  11:08  Spore Crawler, Drone x4  
  191  11:09  Spore Crawler  
  191  11:11  Spore Crawler  
  192  11:12  Spore Crawler  
  192  11:14  Drone x2, Ultralisk Cavern  
  190  11:21  Pathogen Glands  
  190  11:31  Corruptor x4  
  195  11:43  Drone  
  196  11:50  Drone x2  
  196  11:52  Spore Crawler x2  
  196  11:53  Corruptor x2, Spine Crawler  
  198  11:54  Spine Crawler  
  197  12:02  Zerg Ground Armor Level 3  
  197  12:03  Spine Crawler x2, Chitinous Plating  
  197  12:06  Drone x3  
  197  12:07  Drone  
  199  12:18  Neural Parasite  
  199  12:23  Burrow  
  199  12:26  Corruptor  
  198  12:35  Zerg Flyer Armor Level 2, Zerg Flyer Weapons Level 2  
  198  12:40  Overlord  
  198  12:45  Spore Crawler  
  198  12:46  Spore Crawler x2  
  195  12:51  Corruptor  
  195  12:52  Corruptor  
  195  12:56  Overlord  
  198  12:59  Drone  
  199  13:09  Overlord  
  199  13:23  Anabolic Synthesis  
  199  13:25  Spine Crawler x2  
  199  13:26  Spore Crawler, Drone, Spine Crawler  
  196  13:27  Spore Crawler x2, Drone x5  
  196  13:28  Spore Crawler x3  
  196  13:29  Spore Crawler x2  
  196  13:30  Spore Crawler  
  193  13:35  Zerg Melee Weapons Level 3  
  192  14:01  Zergling x10  
  192  14:02  Zergling x2  
  174  14:07  Brood Lord x4  
  174  14:08  Infestor x3  
  188  14:10  Zergling x2  
  188  14:11  Zergling x20  
  199  14:17  Drone  
  199  14:23  Drone x2  
  197  14:25  Overseer  
  197  14:29  Drone x3  
  197  14:30  Zergling x8  
  200  14:32  Baneling x4  
  200  14:33  Overseer  
  200  14:42  Overlord x2  
  200  14:50  Infestor x2  
  200  15:00  Hatchery  
  200  15:06  Zerg Flyer Weapons Level 3, Zerg Flyer Armor Level 3  
  199  15:08  Drone  
  200  15:32  Overlord x2  
  200  15:35  Hatchery  
  197  15:44  Infestor x5  
  192  15:57  Ultralisk  
  192  16:01  Corruptor x2  
  198  16:43  Corruptor  
  199  16:55  Zerg Missile Weapons Level 2  
  199  17:27  Zergling x2  
  199  17:28  Zergling x2  
  196  17:59  Infestor x2  
  196  18:05  Zergling x2  
  198  18:14  Zergling x2  
  198  18:15  Zergling x2  
  198  18:19  Spore Crawler x2  
  198  18:20  Spore Crawler  
  198  18:21  Spore Crawler x2  
  198  18:22  Spore Crawler  
  194  18:28  Zergling x10  
  194  18:29  Zergling x2  
  199  18:37  Zergling x2  
  199  18:49  Overlord  
  199  19:08  Zergling x4  
  198  19:18  Hatchery, Spine Crawler  
  198  19:19  Spine Crawler  
  198  19:20  Spine Crawler x2  
  191  19:29  Zergling x2  
  191  19:30  Zergling x10  
  196  19:32  Spore Crawler  
  195  19:46  Infestation Pit  
  179  20:07  Corruptor x10  
  198  20:17  Hatchery  
  195  20:31  Zergling x12  
  197  20:55  Zergling x6  
  199  20:57  Hatchery  
  197  21:09  Zergling x6  
  199  21:15  Zergling x2  
  199  21:16  Overlord  
  196  21:20  Extractor  
  196  21:21  Extractor  
  192  21:30  Zergling x14  
  199  21:40  Baneling  
  199  21:41  Baneling x3  
  160  22:17  Corruptor  
  160  22:18  Corruptor x13  
  176  22:29  Ultralisk x6  
  198  22:30  Zergling x6  
  198  22:36  Spore Crawler  
  184  22:37  Spine Crawler x2  
Show
View Real Time Build Order
Export as new Build Order

PartinG Protoss 

Build Orders: 1 Gate Expand, Oracle Opening, Carriers 

Get SALT Encoding   

  12  0:00  Probe  
  13  0:12  Probe  
  14  0:19  Pylon  
  14  0:24  Probe  
  15  0:37  Probe (Chrono Boost)  
  15  0:39  Gateway  
  16  0:46  Probe (Chrono Boost)  
  16  0:49  Assimilator  
  17  0:51  Probe  
  18  1:03  Probe  
  19  1:15  Probe  
  20  1:25  Nexus  
  20  1:35  Cybernetics Core  
  20  1:39  Probe  
  21  1:45  Assimilator  
  21  1:51  Probe  
  21  1:54  Pylon  
  22  2:03  Probe (Chrono Boost)  
  23  2:12  Adept, Warp Gate  
  23  2:15  Probe (Chrono Boost)  
  26  2:20  Probe (Chrono Boost)  
  27  2:26  Stargate  
  28  2:30  Probe (Chrono Boost)  
  28  2:39  Probe (Chrono Boost)  
  28  2:40  Probe (Chrono Boost)  
  28  2:42  Adept  
  32  2:47  Probe (Chrono Boost)  
  32  2:48  Probe (Chrono Boost)  
  34  2:52  Probe  
  34  2:56  Probe  
  34  2:57  Gateway  
  36  3:02  Void Ray (Chrono Boost)  
  36  3:04  Probe  
  37  3:08  Probe  
  42  3:17  Pylon  
  42  3:20  Probe  
  42  3:22  Probe  
  44  3:32  Probe  
  46  3:34  Probe  
  46  3:35  Oracle (Chrono Boost)  
  49  3:46  Nexus, Probe  
  50  3:49  Probe  
  50  3:51  Pylon  
  51  3:57  Robotics Facility  
  51  3:59  Assimilator  
  51  4:04  Probe x2  
  51  4:05  Assimilator  
  53  4:11  Pylon  
  53  4:12  Adept  
  53  4:14  Adept  
  57  4:17  Probe x2  
  57  4:21  Shield Battery  
  59  4:32  Probe x2  
  59  4:36  Adept x2  
  65  4:44  Probe x2  
  65  4:45  Observer  
  68  4:49  Robotics Bay  
  68  4:56  Probe x2  
  68  4:59  Pylon  
  70  5:00  Pylon  
  70  5:01  Adept x2  
  70  5:03  Probe  
  70  5:05  Forge  
  70  5:06  Observer  
  76  5:12  Probe x2  
  78  5:15  Probe  
  79  5:23  Stargate  
  79  5:27  Void Ray (Chrono Boost)  
  79  5:30  Adept x2  
  79  5:31  Probe x3  
  79  5:34  Disruptor (Chrono Boost), Observer  
  93  5:45  Probe x3  
  96  5:50  Assimilator x2  
  94  5:57  Probe x3  
  94  5:59  Disruptor (Chrono Boost)  
  94  6:04  Photon Cannon  
  100  6:05  Shield Battery  
  100  6:08  Pylon  
  100  6:10  Pylon  
  100  6:20  Void Ray (Chrono Boost)  
  100  6:22  Void Ray (Chrono Boost), Probe  
  100  6:24  Photon Cannon  
  101  6:26  Probe  
  101  6:27  Photon Cannon  
  101  6:28  Shield Battery  
  101  6:30  Shield Battery  
  101  6:32  Zealot x2  
  114  6:36  Shield Battery  
  112  6:42  Shield Battery, Photon Cannon  
  102  6:47  Probe x2  
  102  6:48  Probe  
  102  6:52  Observer  
  103  6:55  Shield Battery, Photon Cannon  
  103  6:57  Stargate  
  103  6:58  Fleet Beacon  
  103  7:00  Phoenix (Chrono Boost)  
  103  7:01  Phoenix (Chrono Boost)  
  106  7:03  Observer  
  106  7:17  Probe x3  
  106  7:18  Protoss Air Weapons Level 1  
  106  7:20  Zealot  
  106  7:21  Zealot  
  113  7:25  Phoenix x2 (Chrono Boost)  
  117  7:35  Photon Cannon  
  117  7:36  Shield Battery  
  117  7:39  Pylon  
  117  7:40  Pylon  
  117  7:41  Pylon  
  117  7:42  Pylon  
  117  7:43  Nexus  
  117  7:44  Pylon  
  117  7:48  Pylon  
  117  7:50  Protoss Ground Weapons Level 1 (Chrono Boost), Void Ray (Chrono Boost)  
  117  7:52  Twilight Council, Void Ray (Chrono Boost)  
  117  7:54  Gateway  
  117  7:55  Gateway  
  117  7:56  Void Ray (Chrono Boost)  
  129  8:08  Flux Vanes  
  129  8:14  Probe x3  
  129  8:16  Photon Cannon  
  129  8:19  Shield Battery  
  132  8:28  Gateway, Robotics Facility  
  132  8:29  Gateway  
  132  8:30  Probe  
  132  8:31  Probe  
  132  8:33  Pylon  
  134  8:34  Probe  
  134  8:35  Photon Cannon  
  134  8:36  Charge  
  135  8:48  Templar Archives  
  135  8:49  Assimilator  
  135  8:50  Assimilator  
  135  8:55  Immortal (Chrono Boost)  
  139  9:03  Probe  
  139  9:04  Gateway  
  139  9:06  Gateway  
  140  9:13  Gateway  
  140  9:14  Gateway  
  140  9:19  Pylon, Sentry  
  140  9:20  Zealot x3  
  140  9:22  Gateway  
  148  9:26  High Templar x2  
  152  9:41  Gateway  
  152  9:43  Gateway  
  152  9:44  Photon Cannon  
  152  9:46  High Templar x2  
  152  9:47  High Templar x2  
  152  9:50  Observer, Archon x2  
  152  9:51  Archon  
  154  10:00  Immortal x2 (Chrono Boost)  
  154  10:02  Pylon  
  154  10:04  Nexus, Gravitic Boosters  
  162  10:12  Pylon  
  161  10:16  Zealot x6  
  173  10:22  High Templar x4  
  173  10:26  Photon Cannon, Archon  
  173  10:27  Archon  
  173  10:28  Photon Cannon  
  181  10:31  Shield Battery  
  181  10:32  Observer (Chrono Boost), Shield Battery  
  180  10:36  Warp Prism (Chrono Boost)  
  182  10:45  Zealot  
  182  10:46  Zealot x3  
  182  10:49  Observer (Chrono Boost)  
  181  10:53  Protoss Ground Weapons Level 2  
  181  10:58  Zealot x5  
  181  10:59  Zealot  
  181  11:00  Photon Cannon  
  181  11:01  Photon Cannon  
  181  11:02  Shield Battery  
  193  11:04  High Templar x2  
  193  11:08  Archon  
  193  11:12  Zealot x2  
  193  11:13  Zealot x2  
  195  11:22  Zealot x3  
  190  11:44  Stargate  
  190  11:46  Stargate  
  172  11:55  Carrier x3 (Chrono Boost)  
  184  12:06  Mothership (Chrono Boost)  
  184  12:08  Cybernetics Core  
  184  12:09  Zealot x5  
  184  12:10  Protoss Air Weapons Level 2 (Chrono Boost)  
  196  12:28  Zealot x2  
  200  12:32  Assimilator  
  200  12:36  Assimilator  
  194  12:42  Photon Cannon, Carrier  
  188  12:44  Shield Battery  
  188  12:45  Warp Prism  
  190  12:52  Pylon  
  190  12:53  Zealot x2  
  200  13:00  Protoss Air Armor Level 1 (Chrono Boost)  
  196  13:11  Psionic Storm  
  186  13:13  High Templar x4  
  186  13:14  Warp Prism  
  196  13:30  Pylon  
  196  13:37  Nexus  
  196  13:39  Photon Cannon  
  196  13:40  Photon Cannon  
  194  13:42  Zealot x3  
  196  13:53  Zealot x2  
  197  14:00  Protoss Ground Weapons Level 3 (Chrono Boost)  
  185  14:18  Protoss Air Weapons Level 3  
  185  14:20  Pylon  
  185  14:23  Nexus  
  185  14:24  Pylon  
  185  14:27  Photon Cannon  
  185  14:28  Carrier (Chrono Boost)  
  185  14:29  Photon Cannon, Carrier x2 (Chrono Boost)  
  185  14:30  Photon Cannon  
  177  14:32  Shield Battery  
  177  14:33  Shield Battery  
  177  14:35  Pylon  
  193  14:43  Observer, Carrier (Chrono Boost)  
  193  14:45  Unknown  
  196  15:00  High Templar x2  
  196  15:05  Dark Shrine  
  200  15:35  Photon Cannon  
  200  15:37  Photon Cannon  
  200  15:39  Blink  
  199  15:43  Gateway  
  199  15:46  Gateway  
  199  15:48  Gateway, Protoss Air Armor Level 2  
  199  15:53  Photon Cannon  
  199  15:54  Photon Cannon, Gateway  
  199  15:56  Photon Cannon  
  199  15:59  Photon Cannon x2  
  199  16:02  Pylon  
  199  16:22  High Templar x3  
  199  16:32  Protoss Shields Level 1  
  199  16:33  Carrier (Chrono Boost)  
  191  16:54  Dark Templar x4  
  196  17:12  Shadow Stride  
  196  17:21  Dark Templar x2  
  190  17:47  Carrier x3 (Chrono Boost)  
  191  17:53  Carrier (Chrono Boost)  
  197  18:03  Carrier (Chrono Boost)  
  193  18:23  High Templar x2  
  197  18:28  Dark Templar  
  197  18:30  Photon Cannon  
  197  18:33  Photon Cannon  
  199  18:39  Zealot  
  199  18:40  Zealot  
  199  18:46  Dark Templar  
  198  18:50  Protoss Shields Level 2 (Chrono Boost)  
  198  19:02  Pylon  
  198  19:07  Protoss Air Armor Level 3  
  198  19:17  Dark Templar  
  198  19:22  Dark Templar, Photon Cannon  
  198  19:23  Photon Cannon  
  194  19:25  Photon Cannon  
  180  19:38  Void Ray x3 (Chrono Boost)  
  180  19:39  Void Ray (Chrono Boost)  
  179  19:48  Void Ray (Chrono Boost)  
  183  20:09  Zealot x2  
  183  20:10  Zealot x4  
  183  20:11  Nexus  
  194  20:15  Pylon  
  194  20:19  Void Ray  
  194  20:26  Observer  
  195  20:30  High Templar x2  
  195  20:31  High Templar x3  
  195  20:34  Stalker x3  
  199  20:42  Observer  
  185  20:46  Carrier x2  
  193  20:53  Zealot x4  
  187  21:30  High Templar x5  
  194  21:34  Archon x2  
  194  21:38  Zealot x3  
  164  22:11  Stalker x5  
  164  22:12  Stalker x4  
  114  22:32  Stalker x4  
  86  23:00  Stalker x5  
Tags
 
Add a new tag
Caveats
  • Supply blocks, unpowered buildings, or Contaminate may cause inaccurate times.
  • Supply counts are checked every 10 seconds.